Workbook

Sheet Sheet1
A2: RFX. No. 5002003412
A3: Name of the Package | B3: RECTIFICATION OF PILE CONCRETES OF LOC NO 564 (DD+25) (128 D/0) OF SAHARSHA-PATNA 400 KV LINE (FORMERLY KNOWN AS PATNA- KISHANGANJ 400 KV LINE) IN RIVER GANGA WITH EXPOSED REINFORCEMENT BY PROVIDING ADDITIONAL MS LINER RINGS TO ALL PILES OF LOC 564 FILLED

Sheet Basic
A1: =Sheet1!A2 -> RFX. No. 5002003412
A2: =Sheet1!B3 -> RECTIFICATION OF PILE CONCRETES OF LOC NO 564 (DD+25) (128 D/0) OF SAHARSHA-PATNA 400 KV LINE (FORMERLY KNOWN AS PATNA- KISHANGANJ 400 KV LINE) IN RIVER GANGA WITH EXPOSED REINFORCEMENT BY PROVIDING ADDITIONAL MS LINER RINGS TO ALL PILES OF LOC 564 FILLED
A4: General Guidelines for filling up the Price Schedule and other attachments.
A6: 1 | B6: Fill only Green shaded cells in Details and Schedule-I.
A7: 2 | B7: All the cells in Summary will be auto filled, therefore no cell is required to be filled in that sheet.
A8: 3 | B8: Instructions ,if any will be displayed automatically after selecting the cell.
A12: Click here to proceed.
A14: पावर ग्रिड कारपोरेशन ऑफ इण्डिया लिमिटेड
A15: (भारत सरकार का उद्यम)
A16: Power Grid Corporation of India Limited
A17: (A Government of India Enterprises)

Sheet Details
A1: =Sheet1!A2 -> RFX. No. 5002003412
A2: =Sheet1!B3 -> RECTIFICATION OF PILE CONCRETES OF LOC NO 564 (DD+25) (128 D/0) OF SAHARSHA-PATNA 400 KV LINE (FORMERLY KNOWN AS PATNA- KISHANGANJ 400 KV LINE) IN RIVER GANGA WITH EXPOSED REINFORCEMENT BY PROVIDING ADDITIONAL MS LINER RINGS TO ALL PILES OF LOC 564 FILLED
A4: Enter the following details of the bidder
A6: Name of the bidder
A7: Address
A10: Contact No.
A11: E-mail
A12: Alternative E-mail
A13: Printed Name
A14: Designation
A17: Place
A18: Date

Sheet Schedule-I
A1: =Sheet1!A2 -> RFX. No. 5002003412
A2: =Sheet1!B3 -> RECTIFICATION OF PILE CONCRETES OF LOC NO 564 (DD+25) (128 D/0) OF SAHARSHA-PATNA 400 KV LINE (FORMERLY KNOWN AS PATNA- KISHANGANJ 400 KV LINE) IN RIVER GANGA WITH EXPOSED REINFORCEMENT BY PROVIDING ADDITIONAL MS LINER RINGS TO ALL PILES OF LOC 564 FILLED
H3: Schedule-I of Price Bid
A4: Name of the bidder | C4: =IF(Details!E6="","",Details!E6) | G4: To,
A5: Address | C5: =IF(Details!E7="","",Details!E7) | G5: Contracts and Materials Department
C6: =IF(Details!E8="","",Details!E8) | G6: POWER GRID CORPORATION OF INDIA LIMITED
C7: =IF(Details!E9="","",Details!E9) | G7: VIDYUT BOARD COLONY, SHASTRINAGAR, PATNA-23
C8: PART-A DSR ITEMS
A9: Sl. No. | B9: DSR code | C9: Item Description | D9: Unit | E9: DSR rate | F9: Rate | G9: Qty. | H9: Amount Excl. GST
A10: 1 | B10: 2.6.1 | C10: Earth work in excavation by mechanical means (Hydraulic excavator)/ manual means over areas (exceeding 30 cm in depth, 1.5 m in width as well as 10 sqm on plan) including getting out and disposal of excavated earth lead upto 50 m and lift upto 1.5 m, as directed by Engineer-in_x0002_charge.All kinds of soil | D10: cum | E10: 177.5 | F10: =E10/1.18 -> 150.42373 | G10: 1102.5 | H10: 165842.16
A11: 2 | B11: 2.25(a | C11: Excavating, supplying stacking and filling of local earth (including royalty) by mechanical transport upto a lead of 5km also including ramming and watering of the earth in layers not exceeding 20 cm in trenches, plinth, sides of foundation etc. complete. | D11: cum | E11: 700.5 | F11: =E11/1.18 -> 593.64407 | G11: 1102.5 | H11: 654492.58
A12: 3 | B12: 2.26.1 | C12: Extra for every additional lift of 1.5m or part thereoff in excavation/banking excavation or stacking material ..All kind of soil | D12: cum | E12: 126.8 | F12: =E12/1.18 -> 107.45763 | G12: 500 | H12: 53728.814
A13: 4 | B13: 5.22A.6 | C13: Steel reinforcement for R.C.C. work including straightening, cutting, bending, placing in position and binding all complete upto pile cap level Thermo-Mechanically Treated bars of grade Fe-500D or more. | D13: kg | E13: 107.85 | F13: =E13/1.18 -> 91.398305 | G13: 1624.1565 | H13: 148445.15
A14: 5 | B14: 14.23 | C14: Pumping out water caused by springs, tidal or river seepage, broken etc( Measurement may be done based on capacity and working hours of the pump)-Actual requirement depends on site condition. | D14: kilo litre | E14: 231.05 | F14: =E14/1.18 -> 195.80508 | G14: 2100 | H14: 411190.68
A15: Total amount excl. taxes (PART-A) | H15: =SUM(H10:H14) -> 1433699.4
A16: Above and below (in %): To be quoted by bidder | H16: 0
A17: Quoted Price EXCL. TAXES (PART-A) | H17: =H15*(1+H16) -> 1433699.4
C19: PART-B NON- DSR ITEMS
A20: Sl. No. | C20: Item Description | D20: Unit | E20: Qty. | F20: Qty. | G20: Rate | H20: Amount Excl. GST
A21: 6 | C21: Supply and providing M.S liner 6 mm thick for protection of existing exposed piles (in Ganga River) upto depth 6m(=5.5+0.5) below existing liner ( or as per actual site condition) and 0.20m over lapping length at bottom portion of the existing liner . The work including supply, installation, straightening, bending, cutting , welding, labour, tools & plants, transportation etc required to complete the work as per direction of Engineer in-charge . Additionally, primer & painting on both surfaces of liner should be done as per Technical Specification.( NOTE_If pile-repair work to be carried out under river flow condition than payment against making working platform/floating platform etc shall be paid separately i.e. under item no-9 ) | D21: MT | F21: 37.657497 | G21: 0 | H21: =G21*F21 -> 0
A22: 7 | C22: Providing and laying in position M25 grade Polymer Modified Cement Concrete with 10-15mm size coarse aggregate (Design Mix) in space between existing pile surface and inner surface of proposed/new liner as per attched drawing upto depth 5.7m . The work includes chipping of existing excess/bulged concrete around the piles as per direction of engineer in charge based on site condition. The work also includes cleaning rusted reinforcement by applying rust remover chemical, sifting /transporting of material, all tools and plants required to complete the work. (The works Including, transportation of material by head loading/boat/tractor etc . | D22: cum | F22: 87.011982 | G22: 0 | H22: =G22*F22 -> 0
A23: 8 | C23: Erection of steel chamber as per the drawing. However cost of supply & fabrication of steel chamber structure shall be paid separately in item no.-6 (under MS Liner item). Requirement of the chamber & the qty shall be decided as per actual site condition) | D23: RM | E23: 312 | F23: 144 | G23: 0 | H23: =G23*F23 -> 0
A24: 9 | C24: Making woring platform/floating platform in flow water of substream of the Ganga River for installation /repairing activities of all 24 piles of the location. The working platform height shall be depend on water depth of the river channel during execution time, presently depth of the rever channel near pile location is appx 2 m to 3.5 m. The working flatmorm shall be dismntaled/removed after completion of the work. | D24: LS | E24: 6.9102 | F24: 1 | G24: 0 | H24: =F24*G24 -> 0
B25: Quoted Price EXCL. TAXES (PART-B) | H25: =SUM(H21:H24) -> 0
A27: GST (in percentage )@ | F27: 0.18 | G27: on Quoted Price(Part A+ Part B) | H27: =F27*(H25+H17) -> 258065.89
A28: Total amount including taxes | H28: =H27+H25+H17 -> 1691765.3
A30: Note: | B30: (I) Bidders may please note that the percentage low/high quoted by the bidder in their bid for DSR items shall be considered proportionately on arriving the rates of each individual items of the BOQs DSR items .
B31: (II) In case of "At Par", "0.00%" to be quoted by the bidder.
A32: Date | B32: =IF(Details!E18="","",Details!E18) | G32: Printed name | H32: =IF(Details!E13="","",Details!E13)
A34: Place | B34: =IF(Details!E17="","",Details!E17) | G34: Designation | H34: =IF(Details!E14="","",Details!E14)

Sheet Summary
A1: =Sheet1!A2 -> RFX. No. 5002003412
A2: =Sheet1!B3 -> RECTIFICATION OF PILE CONCRETES OF LOC NO 564 (DD+25) (128 D/0) OF SAHARSHA-PATNA 400 KV LINE (FORMERLY KNOWN AS PATNA- KISHANGANJ 400 KV LINE) IN RIVER GANGA WITH EXPOSED REINFORCEMENT BY PROVIDING ADDITIONAL MS LINER RINGS TO ALL PILES OF LOC 564 FILLED
A4: Name of the bidder | C4: =Details!E13 -> 0 | F4: To,
A5: Address | C5: =Details!E7 -> 0 | F5: Contracts and Materials Department
C6: =Details!E8 -> 0 | F6: POWER GRID CORPORATION OF INDIA LIMITED
C7: =Details!E9 -> 0 | F7: VIDYUT BOARD COLONY, SHASTRINAGAR, PATNA-23
A9: We declare that following are our Total Bid Prices in Rupees for the expenditure incurred for the entire scope of work as specified in the specifications and documents. We have indicated Total Estimated Cost as indicated in the "Bill of Quantity(BOQ) & Prices" covering entire scope of works enclosed herewith as Schedule-I.
A14: I | C14: Total for Installation/Services as per Schedule-I | H14: ='Schedule-I'!H25+'Schedule-I'!H17 -> 1433699.4
A15: II | C15: Total GST on services/Installation as per Schedule-I | H15: ='Schedule-I'!H27 -> 258065.89
A16: III | C16: Toal BID Price including all taxes | H16: =SUM(H14:H15) -> 1691765.3
A19: Date | B19: =Details!E2 -> 0 | E19: Printed Name | G19: =Details!E13 -> 0
A20: Place | B20: =Details!E1 -> 0 | E20: Designation | G20: =Details!E14 -> 0
